 Dungeon Crawl Stone Soup version 0.29.1-14-g9c671dbff4 (webtiles) character file.

Game seed: 8502311689337897561

102 barney the Changer (level 4, -1/52 HPs)
             Began as a Draconian Transmuter on Feb 19, 2023.
             Slain by a gnoll
             ... wielding a +0 club
             ... led by a gnoll sergeant
              (3 damage)
             ... on level 2 of the Dungeon.
             The game lasted 00:04:26 (4980 turns).

barney the Changer (Draconian Transmuter)           Turns: 4980, Time: 00:04:26

Health: -1/52      AC: 22    Str: 12    XL:     4   Next: 49%
Magic:  7/7        EV:  2    Int: 15    God:
Gold:   176        SH:  0    Dex: 12    Spells: 3/7 levels left

rFire   . . .      SeeInvis .   e - +0 whip
rCold   . . .      Faith    .   (no shield)
rNeg    . . .      Spirit   .   (body armour unavailable)
rPois   +          Reflect  .   (helmet currently unavailable)
rElec   .          Harm     .   (cloak currently unavailable)
rCorr   .          Rampage  .   (gloves currently unavailable)
Will    .....      NoTele   +   (boots currently unavailable)
Stlth   +.........              g - amulet of regeneration
HPRegen 0.97/turn               (no ring)
MPRegen 0.10/turn               (no ring)

@: tree-form
A: stationary, stasis, torment immunity, boosted hp, AC +5, unfitting armour,
(cold-blooded)
a: no special abilities


You were on level 2 of the Dungeon.
You were a tree.
You visited 1 branch of the dungeon, and saw 3 of its levels.

You collected 176 gold pieces.

Inventory:

Hand Weapons
 e - a +0 whip (weapon)
Jewellery
 g - an amulet of regeneration (around neck)
Scrolls
 c - 2 scrolls of summoning {unknown}
 d - a scroll of enchant weapon {unknown}
 h - a scroll of identify {unknown}
 i - a scroll of butterflies {unknown}
 m - a scroll of immolation {unknown}
 n - a scroll of fear {unknown}


   Skills:
 - Level 1.1 Fighting
 - Level 1.7 Dodging
 - Level 3.0 Unarmed Combat
 - Level 2.0 Spellcasting
 + Level 4.8 Transmutations


You had 3 spell levels left.
You knew the following spells:

 Your Spells              Type           Power      Damage    Failure   Level
a - Beastly Appendage     Tmut           32%        N/A       3%          1
b - Spider Form           Tmut/Pois      8%         N/A       24%         3

Your spell library contained the following spells:

 Spells                   Type           Power      Damage    Failure   Level
 Wereblood                Tmut           16%        N/A       4%          2
 Ensorcelled Hibernation  Hex/Ice        2%         N/A       32%         2
 Ice Form                 Ice/Tmut       8%         N/A       63%         4
 Anguish                  Hex/Necr       0%         N/A       91%         4


Dungeon Overview and Level Annotations

Branches:
Dungeon (3/15)

Altars:


Innate Abilities, Weirdness & Mutations

You are a tree.
Your roots penetrate the ground, keeping you stationary.
You cannot be teleported.
You are immune to unholy pain and torment.
Your maximum health is greatly increased.
Your equipment is partially melded.
((Your plain brown scales are hard. (AC +5)))
You cannot fit into any form of body armour.
((You are cold-blooded and may be slowed by cold attacks.))


Message History

The gnoll hits you from afar with a +0 halberd.
* * * LOW HITPOINT WARNING * * *
There is an escape hatch in the ceiling here.
You see here a +0 club.
Your transformation is almost over.
* * * LOW HITPOINT WARNING * * *
You feel very sick. The gnoll barely misses you.
The gnoll sergeant closely misses you. A mysterious force pulls you upwards.
The hatch slams shut behind you.
* * * LOW HITPOINT WARNING * * *
You feel very sick.
Really quaff the potion of lignification?
Your horns disappear.
Your talons disappear.
You turn into a tree.
Your roots penetrate the ground.
You feel sick. The gnoll hits you but does no damage.
You closely miss the gnoll.
You feel sick. The gnoll hits you but does no damage.
You hit the gnoll.
The gnoll is lightly wounded.
You feel sick. The gnoll hits you but does no damage.
You completely miss the gnoll.
The gnoll is lightly wounded.
You feel sick. The gnoll hits you but does no damage.
You hit the gnoll.
The gnoll is lightly wounded.
You feel sick. The gnoll hits you but does no damage.
You hit the gnoll but do no damage.
The gnoll is lightly wounded.
You feel sick.
You are no longer poisoned.
The gnoll hits you but does no damage.
You hit the gnoll.
The gnoll is moderately wounded.
The gnoll hits you but does no damage.
You hit the gnoll but do no damage.
The gnoll is moderately wounded.
The gnoll hits you with a +0 club.
* * * LOW HITPOINT WARNING * * *
The gnoll hits you with a +0 club.
You die...

#.....#..........########.#
######.....#######'#### #.#
#<...'.....'.......# #.#
...###.....###################.##
..................)...#........#.
..###....#######........###....##
..# ####.## #.[......#..<#....
#.# #..## #.)......#.#.####. ..#
##..## #♣g........#.##### ###
##..# #.......####.##... .##
##.#########.......##.##
..#########.....##############.##
..........................>)...##
.##############..#########.######
.# #...............### #.# # .#
#.............#...## #.# # .#
#.............###..####.#


You could see a gnoll.

Vanquished Creatures
  3 gnolls
  An adder (D:2)
  2 worms
  2 bats
  3 endoplasms
  A giant cockroach (D:1)
  8 hobgoblins
  4 jackals (D:2)
  5 quokkas
  9 ball pythons
  A frilled lizard (D:2)
  4 goblins
  5 kobolds
  9 rats
57 creatures vanquished.

Notes
Turn   | Place    | Note
-------+----------+-------------------------------------------
     0 | D:1      | barney the Draconian Transmuter began the quest for the
                  | Orb.
     0 | D:1      | Reached XP level 1. HP: 16/16 MP: 3/3
   368 | D:1      | Reached XP level 2. HP: 23/23 MP: 3/5
   468 | D:1      | Reached skill level 3 in Transmutations
  1374 | D:2      | Reached XP level 3. HP: 20/28 MP: 4/6
  1678 | D:2      | Reached skill level 4 in Transmutations
  2678 | D:3      | Noticed a gnoll sergeant
  2690 | D:2      | Reached XP level 4. HP: 19/35 MP: 5/7
  3769 | D:3      | Noticed a water moccasin
  4263 | D:2      | Learned a level 3 spell: Spider Form
  4980 | D:2      | HP: 2/52 [gnoll/+0 club[a gnoll sergeant] (5)]
  4980 | D:2      | Slain by a gnoll

Illustrated notes

Levels and vault maps discovered:
D:1:      dpeg_arrival_rooms_with_view, layout_basic, corner_web_ring
D:2:      layout_basic
D:3:      layout_loops_ring, hangedman_decor_points

Skill      XL: |  1  2  3 |
---------------+----------+-----
Transmutations | 3 4 |  4.8
Fighting       | |  1.1
Dodging        | |  1.7
Unarmed Combat | |  3.0
Spellcasting   | |  2.0

Action                   |  1- 3 |  4- 6 || total
-------------------------+-------+-------++-------
Melee: Unarmed           |    43 |       ||    43
       Tailslap          |    22 |     5 ||    27
       Kick              |    20 |     7 ||    27
       Punch             |     3 |       ||     3
       Headbutt          |     8 |     4 ||    12
       Whip              |    93 |    45 ||   138
 Cast: Beastly Appendage |    24 |     5 ||    29
  Use: Potion            |       |     8 ||     8
       Scroll            |       |     1 ||     1
Armor: Skin              |    39 |    26 ||    65
Dodge: Dodged            |    97 |    37 ||   134
